 Dungeon Crawl Stone Soup version 0.28-a0-1152-g9c71ebef14 (webtiles) character file.

Game seed: 13376579382137912118

9 spaghetti the Sneak (level 2, 0/24 HPs)
             Began as a Demonspawn Delver on Dec 14, 2021.
             Succumbed to an adder's poison
             ... on level 4 of the Dungeon.
             The game lasted 00:00:28 (41 turns).

spaghetti the Sneak (Demonspawn Delver)               Turns: 41, Time: 00:00:29

Health: 0/24       AC:  3    Str: 12    XL:     2   Next: 3%
Magic:  2/2        EV: 11    Int: 11    God:
Gold:   0          SH:  0    Dex: 14    Spells: 1/1 levels left

rFire   . . .      SeeInvis .   a - +0 falchion {long}
rCold   . . .      Faith    .   (no shield)
rNeg    . . .      Spirit   .   b - +0 leather armour
rPois   .          Reflect  .   (no helmet)
rElec   .          Harm     .   (no cloak)
rCorr   .          Rampage  .   (no gloves)
Will    .....                   (no boots)
Stlth   ++........              (no amulet)
HPRegen 0.08/turn               (no ring)
MPRegen 0.08/turn               (no ring)

@: lethally poisoned (0 -> -1)
A: powered by death 1
a: no special abilities


You were on level 4 of the Dungeon.
You visited 1 branch of the dungeon, and saw 2 of its levels.


Innate Abilities, Weirdness & Mutations

You regenerate a little health from kills.


   Skills:
 + Level 3.6 Fighting
 - Level 1.7 Long Blades
 - Level 1.7 Dodging
 - Level 4.5 Stealth


You had one spell level left.
You didn't know any spells.
Your spell library was empty.

Inventory:

Hand Weapons
 a - a +0 falchion (weapon) {long}
Armour
 b - a +0 leather armour (worn)
Wands
 g - a wand of digging (3)
Scrolls
 e - a scroll of fear
Potions
 f - a potion of haste {@q3}

Dungeon Overview and Level Annotations

Branches:
Dungeon (5/15)
 Temple: D:4-7

Altars:

Shops:
D:4

( ..#§§§§§#§.....# *,,,,,,*,,,,
...#§§§#.......#####***<**+**,,,,
....#§#§.####'#....#,**,*,,,,****
....§#§§§.#...#....+,,,,*,,,,*,,*
.<..#.....'...#....#,,,,+,,,,*,,,
....###########....######.,,,*,,*
....,,,,,.................,,,*,,*
..,,,,,,,.................,,,*,,,
,,,,,,,,,.......@.........,,,*,,,
,,,,,,,,,.................,,,****
,,***+**+####+###+########*,,,,,,
,,+,,,,,,,,,,,,,,,,*,,,+,,*,,,,,,
,,*,,,,,,,,,,>,,,,,+,,,*,,*,,,,,,
,,***,**,,***,**,,**,,**,,*,,,,,,
*****,**,,***,*************,,,,,,
,,,,+,,,,,,*,,,,,,,,,,,+,,*,,,,,,
,,,,*,,,,,,+,,,,,,,,,,,*,,*,,,,,,


There were no monsters in sight!


Message History

🤖 Initializing magus.rc ...
Options error: Delay interrupt name "hungry" not recognised. (~/.crawlrc:4771) ✅ Successfully initialized magus.rc [v1.9.6] Welcome, spaghetti the Demonspawn Delver.
They say the Orb of Zot lies within this dungeon, but they say a lot of things.
Press ? for a list of commands and other information.
Found an escape hatch in the ceiling.
Found a stone staircase leading down.
Unknown command.
Unknown command.
(D) Dungeon
Where to? (? - help) Sorry, I don't know how to get there.
Unknown command.
Unknown command.
There is an escape hatch in the ceiling here.
A mysterious force pulls you upwards. The hatch slams shut behind you.
Found Emnaza Ming's Antique Weapon Shoppe.
Unknown command.
Unknown command.
Found a stone staircase leading up.
There is an entrance to Emnaza Ming's Antique Weapon Shoppe here.
Unknown command.
As you read the scroll of fog, it crumbles to dust.
The scroll dissolves into smoke.
Unknown command.
Unknown command.
Really read
d - a scroll of magic mapping {!r}?
As you read the scroll of magic mapping {!r}, it crumbles to dust.
You feel aware of your surroundings.
You sensed 6 shops/portals.
Unknown command.
Unknown command.
You open the door.
There is an open door here.
You open the door.
There is an open door here.
An adder comes into view.
An adder is nearby!
The adder hisses angrily.
You slash the adder! The adder bites you. 😕 HP[-2]
You take 2 damage, and now have 16/18 hp.
You miss the adder. The adder closely misses you. The adder bites you. 😮 HP[-4]
You take 4 damage, and now have 12/18 hp.
MASSIVE DAMAGE!! (PAUSE)
You hit the adder. The adder bites you. x2
* * * LOW HITPOINT WARNING * * *
You are lethally poisoned!
The adder poisons you! 😨 HP[-6]
You take 6 damage, and now have 6/18 hp.
MASSIVE DAMAGE!! (PAUSE) Unknown command.
You hit the adder.
* * * LOW HITPOINT WARNING * * *
You feel sick. The adder barely misses you. 😱 HP[-2]
You take 2 damage, and now have 4/18 hp.
Unknown command.
You hit the adder but do no damage.
* * * LOW HITPOINT WARNING * * *
You feel sick. The adder closely misses you.
The adder barely misses you. 😱 HP[-1]
You take 1 damage, and now have 3/18 hp.
Unknown command.
Unknown command.
Okay, then.
Okay, then.
Unknown command.
Unknown command.
You hit the adder.
You kill the adder!
* * * LOW HITPOINT WARNING * * *
You feel sick.
You have reached level 2!
Your demonic ancestry asserts itself...
A wave of death washes over you. 😱 HP[-2] MP[+1]
You now have 24 max hp (+6).
Your mp is fully restored (2).
Unknown command.
Unknown command.
Unknown command.
Unknown command.
There is a lethal amount of poison in your body!
There is a lethal amount of poison in your body!
Unknown command.
* * * LOW HITPOINT WARNING * * *
You feel sick.
You die...

Action                   || total
-------------------------++-------
Melee: Falchion          ||     6
  Use: Scroll            ||     2
Dodge: Dodged            ||     4

Levels and vault maps discovered:
D:4:      layout_gridville, serial_shops, kennysheep_mini,
          nicolae_shop_statue_plus, nicolae_shop_competitors_out_of_business,
          nicolae_diamond_shop, hangedman_abyss_or_decor_stagger, uniq_duvessa
D:5:      layout_gridville, slow_altar_1, uniq_pikel, uniq_prince_ribbit1,
          uniq_grinder

Notes
Turn   | Place    | Note
-------+----------+-------------------------------------------
     0 | D:5      | spaghetti the Demonspawn Delver began the quest for the
                  | Orb.
     0 | D:5      | Reached XP level 1. HP: 18/18 MP: 1/1
     0 | D:5      | magus.rc [v1.9.6]
     7 | D:4      | Found Emnaza Ming's Antique Weapon Shoppe.
    37 | D:4      | HP: 4/18 [poisoned by an adder]
    39 | D:4      | HP: 1/18 [poisoned by an adder]
    40 | D:4      | Gained mutation: You regenerate a little health from kills.
                  | [demonic ancestry]
    40 | D:4      | Reached XP level 2. HP: 1/24 MP: 2/2
    41 | D:4      | Succumbed to an adder's poison

Vanquished Creatures
  An adder (D:4)
1 creature vanquished.

Table legend:
 A = Non-vault XP
 B = Vault XP
 C = Vault XP percentage of total XP
 D = Non-vault monster count
 E = Vault monster count
 F = Vault count percentage of total count
                 A         B        C        D         E       F
            +---------+---------+-------+---------+---------+-------
      Total |      13 |       0 |   0.0 |       1 |       0 |   0.0
            +---------+---------+-------+---------+---------+-------
        D:4 |      13 |       0 |   0.0 |       1 |       0 |   0.0
            +---------+---------+-------+---------+---------+-------

Illustrated notes

Table legend:
 A = Kills in this place as a percentage of kills in entire the game.
 B = Kills by you in this place as a percentage of kills by you in the entire game.
 C = Kills by friends in this place as a percentage of kills by friends in the entire game.
 D = Other kills in this place as a percentage of other kills in the entire game.
 E = Experience gained in this place as a percentage of experience gained in the entire game.
 F = Experience gained in this place divided by the number of levels of this place that you have seen.
                   A       B       C       D       E      F
               +-------+-------+-------+-------+-------+----------------------
         Total | 100.0 | 100.0 |   N/A |   N/A | 100.0 |   6.5
       Dungeon | 100.0 | 100.0 |   N/A |   N/A | 100.0 |   6.5
               +-------+-------+-------+-------+-------+----------------------

Table legend: (Time is in decaauts)
 A = Elapsed time spent in this place.
 B = Non-inter-level travel time spent in this place.
 C = Inter-level travel time spent in this place.
 D = Time resting spent in this place.
 E = Time spent auto-exploring this place.
 F = Levels seen in this place.
 G = Mean time per level.
                   A        B        C        D        E       F      G
               +--------+--------+--------+--------+--------+-----+--------+
         Total |     41 |     41 |      0 |      0 |     14 |   2 |   20.5 |
       Dungeon |     41 |     41 |      0 |      0 |     14 |   2 |   20.5 |
               +--------+--------+--------+--------+--------+-----+--------+

Top non-repeatable levels by time:
     D:4: 34 daAuts
     D:5: 7 daAuts
